 Dungeon Crawl Stone Soup version 0.30-a0-170-g85af917532 (webtiles) character file.

Game seed: 13695250834359667800

533 qw the Chopper (level 7, 0/44 HPs)
             Began as a Gargoyle Fighter on Sept 30, 2022.
             Slain by a yak (9 damage)
             ... on level 5 of the Dungeon.
             The game lasted 00:01:20 (4075 turns).

qw the Chopper (Gargoyle Fighter)                   Turns: 4075, Time: 00:01:20

Health: 0/44       AC: 22    Str: 21    XL:     7   Next: 24%
Magic:  0/7        EV:  7    Int:  9    God:
Gold:   340        SH:  4    Dex: 11    Spells: 6/6 levels left

rFire   . . .      SeeInvis +    Y - +0 war axe (protect)
rCold   . . .      Faith    .    c - +0 buckler
rNeg    + . .      Spirit   +    h - +0 chain mail
rPois   inf        Reflect  .    (no helmet)
rElec   +          Harm     .    b - +0 cloak
rCorr   .          Rampage  +    (no gloves)
Will    .....                    (no boots)
Stlth   ..........               j - amulet "Sinkeq" {Spirit Rampage Dex+2}
HPRegen 0.14/turn                n - ring of see invisible
MPRegen 0.10/turn                (no ring)

@: about to teleport, under a protective aura
A: sickness immunity, AC +4, negative energy resistance 1, electricity
resistance, torment resistance 1, petrification resistance
a: no special abilities


You were on level 5 of the Dungeon.
You visited 1 branch of the dungeon, and saw 5 of its levels.

You collected 340 gold pieces.


Innate Abilities, Weirdness & Mutations

You are immune to sickness and miasma.
Your stone body is resilient. (AC +4)
You are immune to poison.
You resist negative energy. (rN+)
You are resistant to electric shocks. (rElec)
You are resistant to unholy torment.
You are immune to petrification.


   Skills:
 - Level 4.6 Fighting
 + Level 6.1 Axes
 - Level 3.2 Armour
 - Level 1.5 Dodging
 - Level 3.2 Shields


You had 6 spell levels left.
You didn't know any spells.
Your spell library was empty.

Inventory:

Hand Weapons
 f - a +0 flail
 Y - a +0 war axe of protection (weapon)
Armour
 b - a +0 cloak (worn)
 c - a +0 buckler (worn)
 h - a +0 chain mail (worn)
Jewellery
 j - the amulet "Sinkeq" (around neck) {Spirit Rampage Dex+2}
   (You found it on level 3 of the Dungeon)

   [amulet of guardian spirit]

   It causes incoming damage to be divided between your reserves of health and
   magic.
   Dex:       It affects your dexterity (+2).
   Rampage:   It bestows one free step when moving towards enemies.
 n - a ring of see invisible (left hand)
Scrolls
 a - 2 scrolls of teleportation
 g - 3 scrolls of identify
Potions
 d - 3 potions of might
 e - 2 potions of curing
 i - a potion of cancellation
 k - a potion of degeneration {unknown}

Dungeon Overview and Level Annotations

Branches:
Dungeon (5/15)
 Temple: D:4-7

Altars:
Fedhas
Gozag
Uskayaw
Vehumet

Annotations:
D:4 3 runed translucent doors, qw's ghost, amateur GrFi


Message History

You closely miss the yak. You block the yak's attack.
The yak gores you but does no damage.
The yak bellows!
You hit the yak but do no damage.
The yak is moderately wounded.
You slash the yak!
The yak gores you. x2; You block the yak's attack.
You hit the yak but do no damage.
The yak is moderately wounded.
You hit the yak. The yak gores you. x2
You closely miss the yak.
The yak is moderately wounded.
You barely miss the yak.
The yak gores you but does no damage. x2
You barely miss the yak.
The yak is moderately wounded.
You hit the yak. The yak gores you but does no damage. The yak gores you!
You slash the yak!
The yak is heavily wounded.
You hit the yak. The yak gores you but does no damage.
You hit the yak.
The yak is heavily wounded.
You hit the yak.
The yak gores you but does no damage. x2
You barely miss the yak.
The yak is heavily wounded.
You hit the yak. The yak gores you! You block the yak's attack.
4074 ||| READING 3 scrolls of teleportation.
As you read the scroll of teleportation, it crumbles to dust.
You feel strangely unstable.
The yak gores you but does no damage. x2
You barely miss the yak.
The yak is heavily wounded.
You barely miss the yak. The yak gores you!
You die...

#.# #.....#########.##..#
#(.# #Y#...Y.............#
... #.##.###.##.##......#
#.##Y...# #....##.....##
#....#### #..####.....##
###..## #.........#.#. #...#
###.##.##.......
##.Y###....<..#..#..8.
#YYY@...#.......##...
####Y...#..##...#####
####...#......##...##...
#####.........#.[......#..8.
#^..........................
#........##.#...<#.##.....##
#.#.#..#.##..............##
#...#..#.###.....##..#...#
###.#..#.###.###.....###.#


You could see 5 yaks.

Vanquished Creatures
  A yak (D:5)
  An ogre (D:4)
  Blork the orc (D:4)
  A necrophage (D:5)
  A scorpion (D:4)
  7 adders
  3 worms
  2 dart slugs
  2 orcs (D:3)
  An endoplasm (D:4)
  3 giant cockroaches
  6 goblins
  7 hobgoblins
  2 jackals (D:3)
  5 quokkas
  7 ball pythons
  5 bats
  A frilled lizard (D:1)
  4 kobolds
  7 rats
67 creatures vanquished.

Notes
Turn   | Place    | Note
-------+----------+-------------------------------------------
     0 | D:1      | qw the Gargoyle Fighter began the quest for the Orb.
     0 | D:1      | Reached XP level 1. HP: 14/14 MP: 1/1
     0 | D:1      | 0 ||| qw: Version: 0.2-a-12-gaebbb33
     0 | D:1      | 0 ||| qw: Game counter: 1645
     0 | D:1      | 0 ||| qw: Always use a shield: true
     0 | D:1      | 0 ||| qw: God list: Okawaru
     0 | D:1      | 0 ||| qw: Allow faded altars: false
     0 | D:1      | 0 ||| qw: Do Orc after D:15 true
     0 | D:1      | 0 ||| qw: Do second Lair branch before Depths: true
     0 | D:1      | 0 ||| qw: Lair rune preference: random
     0 | D:1      | 0 ||| qw: Plans: Normal, Zot:1-4, God:TSO, Crypt, Tomb,
                  | Pan, Slime:5, Hells, Abyss, Orb
     0 | D:1      | 0 ||| PLANNING D:1-11
   123 | D:1      | 123 ||| Stepping ~*~*~tactically~*~*~ (stealth).
   135 | D:1      | Reached skill level 2 in Axes
   135 | D:1      | 135 ||| Stepping ~*~*~tactically~*~*~ (stealth).
   143 | D:1      | 143 ||| Stepping ~*~*~tactically~*~*~ (stealth).
   167 | D:1      | Reached XP level 2. HP: 19/19 MP: 2/2
   200 | D:1      | 200 ||| Stepping ~*~*~tactically~*~*~ (stealth).
   201 | D:1      | 201 ||| Stepping ~*~*~tactically~*~*~ (stealth).
   202 | D:1      | 202 ||| Stepping ~*~*~tactically~*~*~ (stealth).
   210 | D:1      | Found a faded altar of an unknown god.
   279 | D:1      | 279 ||| Stepping ~*~*~tactically~*~*~ (stealth).
   287 | D:1      | 287 ||| DROPPING +0 club.
   735 | D:1      | 735 ||| READING 3 scrolls labelled WOF DEAVIEWYX.
   740 | D:1      | 740 ||| READING 4 scrolls labelled RAGYMINNUMOR.
   793 | D:2      | 793 ||| Stepping ~*~*~tactically~*~*~ (stealth).
   796 | D:2      | 796 ||| Stepping ~*~*~tactically~*~*~ (stealth).
   797 | D:2      | 797 ||| Stepping ~*~*~tactically~*~*~ (stealth).
   802 | D:2      | Reached skill level 3 in Axes
   848 | D:2      | Reached XP level 3. HP: 23/23 MP: 3/3
  1348 | D:2      | Identified the +7 dagger "Diuv Katohuh" {flame, rC+}
  1520 | D:2      | 1520 ||| UPGRADING to amulet of guardian spirit.
  1525 | D:2      | 1525 ||| READING scroll labelled GIKIOM QUIM.
  1526 | D:2      | 1526 ||| DRINKING 3 amethyst potions.
  1627 | D:2      | 1627 ||| READING 5 scrolls of identify.
  1627 | D:2      | 1627 ||| IDENTIFYING pink potion
  1628 | D:2      | 1628 ||| READING 4 scrolls of identify.
  1628 | D:2      | 1628 ||| IDENTIFYING bubbling sapphire potion
  1629 | D:2      | 1629 ||| DROPPING potion of invisibility.
  1630 | D:2      | 1630 ||| DROPPING potion of magic.
  1631 | D:2      | 1631 ||| DROPPING 2 potions of ambrosia.
  1858 | D:3      | 1858 ||| Stepping ~*~*~tactically~*~*~ (stealth).
  1859 | D:3      | 1859 ||| Stepping ~*~*~tactically~*~*~ (stealth).
  1860 | D:3      | 1860 ||| Stepping ~*~*~tactically~*~*~ (stealth).
  1862 | D:3      | 1862 ||| Stepping ~*~*~tactically~*~*~ (stealth).
  1863 | D:3      | 1863 ||| Stepping ~*~*~tactically~*~*~ (stealth).
  1864 | D:3      | 1864 ||| Stepping ~*~*~tactically~*~*~ (stealth).
  1914 | D:3      | Identified the amulet "Sinkeq" {Spirit Rampage Dex+2}
  2026 | D:3      | Reached XP level 4. HP: 28/28 MP: 4/4
  2063 | D:3      | Reached skill level 4 in Axes
  2069 | D:3      | 2069 ||| Stepping ~*~*~tactically~*~*~ (stealth).
  2245 | D:3      | 2245 ||| Stepping ~*~*~tactically~*~*~ (stealth).
  2503 | D:3      | 2503 ||| UPGRADING to +0 chain mail.
  2513 | D:3      | 2513 ||| DROPPING +0 scale mail.
  2514 | D:3      | 2514 ||| UPGRADING to amulet "Sinkeq" {Spirit Rampage
                  | Dex+2}.
  2524 | D:3      | 2524 ||| DROPPING amulet of guardian spirit.
  2525 | D:3      | 2525 ||| UPGRADING to ring of see invisible.
  2526 | D:3      | 2526 ||| READING 2 scrolls labelled LERIUL GIGEPN.
  2527 | D:3      | 2527 ||| READING scroll labelled PIOSHE NAK EGE.
  2528 | D:3      | 2528 ||| READING 5 scrolls of identify.
  2528 | D:3      | 2528 ||| IDENTIFYING inky potion
  2529 | D:3      | 2529 ||| READING 4 scrolls of identify.
  2529 | D:3      | 2529 ||| IDENTIFYING cyan potion
  2530 | D:3      | 2530 ||| DROPPING scroll of magic mapping.
  2576 | D:4      | Found a runed translucent gate.
  2577 | D:4      | Found a runed translucent gate.
  2583 | D:4      | Noticed qw's ghost (amateur GrFi)
  2586 | D:4      | Found a runed translucent gate.
  2586 | D:4      | Noticed qw's ghost (amateur GrFi)
  2586 | D:4      | Noticed qw's ghost (amateur GrFi)
  2586 | D:4      | Noticed qw's ghost (amateur GrFi)
  2586 | D:4      | Noticed qw's ghost (amateur GrFi)
  2679 | D:4      | Noticed Blork the orc
  2680 | D:4      | 2680 ||| Stepping ~*~*~tactically~*~*~ (hiding).
  2681 | D:4      | 2681 ||| Stepping ~*~*~tactically~*~*~ (hiding).
  2691 | D:4      | Killed Blork the orc
  2692 | D:4      | Reached skill level 5 in Axes
  2692 | D:4      | Reached XP level 5. HP: 19/32 MP: 5/5
  2938 | D:4      | Found an opulent altar of Gozag.
  2939 | D:4      | Noticed an ogre
  2943 | D:4      | Killed an ogre
  2944 | D:4      | Reached XP level 6. HP: 30/39 MP: 3/6
  3012 | D:4      | Found a blossoming altar of Fedhas.
  3105 | D:4      | 3105 ||| Stepping ~*~*~tactically~*~*~ (hiding).
  3239 | D:4      | 3239 ||| Stepping ~*~*~tactically~*~*~ (stealth).
  3318 | D:4      | Found a hide-covered altar of Uskayaw.
  3444 | D:4      | Reached skill level 1 in Dodging
  3523 | D:4      | 3523 ||| Stepping ~*~*~tactically~*~*~ (stealth).
  3542 | D:4      | 3542 ||| Stepping ~*~*~tactically~*~*~ (stealth).
  3543 | D:4      | 3543 ||| Stepping ~*~*~tactically~*~*~ (stealth).
  3551 | D:4      | Found a radiant altar of Vehumet.
  3714 | D:4      | 3714 ||| UPGRADING to +0 cloak.
  3719 | D:4      | 3719 ||| READING scroll labelled WEMYOLAITA.
  3720 | D:4      | 3720 ||| READING scroll labelled JIZXUPS CURUWK.
  3721 | D:4      | 3721 ||| READING scroll labelled METISI EGHEUJE.
  3722 | D:4      | 3722 ||| READING 4 scrolls of identify.
  3722 | D:4      | 3722 ||| IDENTIFYING metallic orange potion
  3743 | D:5      | Entered Level 5 of the Dungeon
  3883 | D:5      | Noticed a yak
  3883 | D:5      | Noticed a yak
  3883 | D:5      | Noticed a yak
  3883 | D:5      | Noticed a yak
  3884 | D:5      | Noticed a yak
  3884 | D:5      | 3884 ||| Stepping ~*~*~tactically~*~*~ (stealth).
  3892 | D:5      | Noticed a yak
  3899 | D:5      | HP: 9/39 [yak (1)]
  3900 | D:5      | 3900 ||| READING 4 scrolls of teleportation.
  3901 | D:5      | 3901 ||| DRINKING potion of heal wounds.
  3903 | D:5      | Killed a yak
  3904 | D:5      | Reached skill level 6 in Axes
  3904 | D:5      | Reached XP level 7. HP: 28/44 MP: 1/7
  4058 | D:5      | 4058 ||| Stepping ~*~*~tactically~*~*~ (stealth).
  4061 | D:5      | 4061 ||| Stepping ~*~*~tactically~*~*~ (stealth).
  4062 | D:5      | 4062 ||| Stepping ~*~*~tactically~*~*~ (stealth).
  4064 | D:5      | 4064 ||| Stepping ~*~*~tactically~*~*~ (stealth).
  4073 | D:5      | HP: 8/44 [yak (10)]
  4074 | D:5      | 4074 ||| READING 3 scrolls of teleportation.
  4075 | D:5      | Slain by a yak

Levels and vault maps discovered:
D:1:      saegor_arrival_miasma, layout_loops_ring,
          shapermc_ecumenical_altar_pompeii
D:2:      layout_loops_ring, corexii_leaking_fountain, st_stairs_13
D:3:      layout_loops_ring
D:4:      layout_loops_cross, nicolae_uskayaw_suspiria,
          mainiacjoe_overflow_alcove_4, jmf_multi_god_temple,
          gammafunk_ghost_cemetery, uniq_blork_the_orc
D:5:      layout_basic, mrwooster_statue_mirror, st_stairs_1, uniq_eustachio

Skill      XL: |  1  2  3  4  5  6 |
---------------+-------------------+-----
Axes           | 2 3 5 6 |  6.1
Fighting       | 4 |  4.6
Dodging        | 1 |  1.5
Armour         | |  3.2
Shields        | |  3.2

Action                   |  1- 3 |  4- 6 |  7- 9 || total
-------------------------+-------+-------+-------++-------
Melee: War axe           |    97 |   120 |    14 ||   231
  Use: Scroll            |     5 |     9 |     1 ||    15
       Potion            |     1 |     1 |       ||     2
Armor: Scale mail        |    53 |    21 |       ||    74
       Chain mail        |       |    49 |    12 ||    61
Dodge: Dodged            |    44 |    49 |     3 ||    96
Block: Buckler           |    15 |    20 |     3 ||    38

Table legend:
 A = Non-vault XP
 B = Vault XP
 C = Vault XP percentage of total XP
 D = Non-vault monster count
 E = Vault monster count
 F = Vault count percentage of total count
                 A         B        C        D         E       F
            +---------+---------+-------+---------+---------+-------
      Total |     535 |     227 |  29.8 |      61 |       6 |   9.0
            +---------+---------+-------+---------+---------+-------
        D:1 |      24 |       0 |   0.0 |      16 |       0 |   0.0
        D:2 |      26 |       5 |  16.1 |       8 |       3 |  27.3
        D:3 |      80 |       0 |   0.0 |      20 |       0 |   0.0
        D:4 |     120 |     222 |  64.9 |      14 |       3 |  17.6
        D:5 |     285 |       0 |   0.0 |       3 |       0 |   0.0
            +---------+---------+-------+---------+---------+-------
